 Dungeon Crawl Stone Soup version 0.17-a0-1923-gc35365e (webtiles) character file.

81 barthelm the Ruffian (level 4, -1/40 HPs)
             Began as a Ghoul Monk on Sept 28, 2015.
             Slain by Anothat's ghost (12 damage)
             ... on level 3 of the Dungeon.
             The game lasted 00:05:26 (1435 turns).

barthelm the Ruffian (Ghoul Monk)                   Turns: 1435, Time: 00:05:26

Health: -1/40      AC:  2    Str: 15    XL:     4   Next: 40%
Magic:  3/3        EV: 13    Int:  5    God:
Gold:   90         SH:  0    Dex: 11    Spells: 0 memorised, 3 levels left

rFire  . . .     SeeInvis .       - Unarmed
rCold  + . .     Clarity  .     a - +0 robe
rNeg   + + +     SustAt   .     (no shield)
rPois  ∞         Gourm    .     (no helmet)
rElec  .         Spirit   .     (no cloak)
rCorr  .         Warding  .     (no gloves)
rMut   .         Stasis   .     (no boots)
MR     .....                    (no amulet)
Stlth  ++........               (no ring)
                                (no ring)

@: rotting, not resistant to hostile enchantments, unstealthy
A: rotting body, claws 1, carnivore 3, cold resistance 1, negative energy
resistance 3, slow healing 1, torment resistance, unbreathing
a: no special abilities


You were on level 3 of the Dungeon.
You were not hungry.

You visited 1 branch of the dungeon, and saw 3 of its levels.

You collected 90 gold pieces.

Inventory:

Armour
 a - a +0 robe (worn)
Scrolls
 c - a scroll of teleportation {unknown}
 d - 3 scrolls of remove curse {unknown}
 e - 2 scrolls of recharging {unknown}
 f - a scroll of noise {unknown}
 g - 2 scrolls of magic mapping {unknown}
 k - a scroll of enchant armour {unknown}
 m - a scroll of identify {unknown}
 n - a scroll of fear {unknown}
Potions
 h - a potion of curing {unknown}
 i - a potion of resistance {unknown}
 j - a potion of might {unknown}
 l - a potion of heal wounds {unknown}
 o - a potion of lignification {unknown}
Comestibles
 b - 4 meat rations


   Skills:
 + Level 4.0 Fighting
 + Level 3.3 Dodging
 + Level 2.8 Stealth
 + Level 5.0 Unarmed Combat


You had 3 spell levels left.
You didn't know any spells.

Dungeon Overview and Level Annotations

Branches:
Dungeon (3/15)

Altars:

Annotations:
D:3 Anothat's ghost, average GrFi


Innate Abilities, Weirdness & Mutations

Your body is rotting away.
You thrive on raw meat.
You are immune to poison.
You have sharp fingernails.
You are carnivorous and can eat meat at any time.
Your flesh is cold resistant.
You are immune to negative energy.
You heal slowly when monsters are visible.
You are immune to unholy pain and torment.
You can survive without breathing.


Message History

A quokka comes into view.
The quokka barely misses you.
You claw the quokka!
You kill the quokka!
Things that are here:
a whip of venom; a quokka corpse You butcher the quokka corpse.
Things that are here:
a whip of venom; a chunk of flesh; a quokka skeleton
Things that are here:
a whip; a ring mail; an orc corpse You butcher the orc corpse.
Things that are here:
a whip; a ring mail; a chunk of flesh Eat which item? (? for menu, Esc to quit)
Okay, then.
You scratch Anothat's ghost.
Anothat's ghost is lightly damaged.
Anothat's ghost hits you!
You die...

#... #. #.#. ##### #.
#... ##.<.# #. #..#
...#.######. #####..#
#..........###.......
#...#####....W.....
##.....)...##.###...
#..@.......W..# #...
#.#W#############...
# ############.#.#
#.... #
#............#)#
#....
###.#########...)##
#W... ..#.# #.....#
#.... #..o#
#.....####### #.)..
....#
#...........#####...)
.>..#######
#.###.#####.>........


You could see Anothat's ghost.

Vanquished Creatures
  2 adders (D:2)
  2 oozes
  A worm (D:2)
  3 giant geckos
  5 orcs (D:3)
  8 bats
  A giant cockroach (D:1)
  6 hobgoblins
  A ball python (D:3)
  A giant newt (D:1)
  5 goblins
  5 kobolds
  A quokka (D:3)
  3 rats
44 creatures vanquished.

Notes
Turn   | Place    | Note
--------------------------------------------------------------
     0 | D:1      | barthelm the Ghoul Monk began the quest for the Orb.
     0 | D:1      | Reached XP level 1. HP: 19/19 MP: 0/0
    89 | D:1      | Reached XP level 2. HP: 23/26 MP: 1/1
   463 | D:1      | Reached XP level 3. HP: 18/33 MP: 2/2
   887 | D:2      | Reached skill level 5 in Unarmed Combat
  1027 | D:2      | Reached XP level 4. HP: 13/40 MP: 3/3
  1302 | D:3      | HP: 1/40 [orc/whip (6)]
  1362 | D:3      | Noticed Anothat's ghost (average GrFi)
  1435 | D:3      | Slain by Anothat's ghost

Vault maps used:
D:1:      scummos_arrival_forest, bh_walls_and_bars
D:3:      makhleb_altar_promises_db, solitary_fountain, evilmike_ruin_ashenzari

Action                   |  1- 3 |  4- 6 || total
-------------------------+-------+-------++-------
Melee: Unarmed           |   122 |    39 ||   161
 Stab: Distracted        |     1 |       ||     1
       Sleeping          |     3 |     1 ||     4
  Eat: Chunk             |    13 |       ||    13
